[Event "World Chess Trophy 2018"]
[Site "Tenerife"]
[Date "2018.06.21"]
[Round "5"]
[White "Cacciola, Alfredo"]
[Black "Potterat, Marc"]
[Result "0-1"]
[ECO "B98"]
[WhiteElo "2219"]
[BlackElo "2130"]
[Annotator "NA"]
[PlyCount "116"]
[EventDate "2018.06.17"]
[EventType "swiss"]
[EventCountry "ESP"]
[SourceTitle "playchess.com"]
[Source "ChessBase"]
[SourceQuality "1"]
[TimeControl "5400+30"]

1. e4 c5 2. Nf3 d6 3. d4 cxd4 4. Nxd4 Nf6 5. Nc3 a6 6. Bg5 e6 7. f4 h6 8. Bh4 Be7 9. Qf3 g5 10. fxg5 Nh7 {[%emt 0:04:08] B98: Sicilian Najdorf: 6 Bg5 e6 7 f4 Be7, sidelines} (10... hxg5 $14 11. Bxg5 Nbd7) (10... Nfd7 11. Nxe6 fxe6 12. Qh5+ Kf8 13. Bb5 Rh7 14. O-O+ Kg8 15. g6 Rg7 16. Rf7 Bxh4 17. Qxh6 Rxf7 18. gxf7+ Kxf7 19. Rf1+ Bf6 20. Qh7+ Ke8 21. Qg6+ Kf8 {½-½ (33) Zhigalko,S (2649)-Safarli,E (2645) Nakhchivan 2012}) 11. Bc4 Nxg5 {[%emt 0:05:02] [#]} 12. Bxg5 ({Besser ist} 12. Qh5 $1 $16 Qb6 13. O-O-O) 12... hxg5 13. Rf1 $1 Rh7 $1 14. O-O-O Qc7 15. Bd3 Nd7 16. h4 $146 ({Predecessor:} 16. Qg3 Ne5 17. Be2 Bd7 18. Nf3 {1-0 (40) Hoover,W-Fuster,G Canada 1963}) 16... Ne5 17. Qg3 g4 18. h5 $2 (18. Nf3 $1 $11) 18... Bd7 19. Kb1 Bc6 20. Be2 Rxh5 21. Rh1 Rxh1 22. Rxh1 O-O-O 23. Bxg4 Nxg4 24. Qxg4 Qb6 25. Qg7 Bd7 26. Qxf7 Qxd4 27. Qxe7 Re8 28. Qf7 Bc6 29. a3 Qe5 30. Rh7 Kb8 31. Qc7+ Ka8 32. Qg7 Qf4 33. Qf7 (33. Rh8 $16) 33... Qe5 34. Qg6 d5 35. Rh5 Qf4 36. exd5 exd5 37. Rh1 d4 38. Nd5 Qe5 39. Nb4 Be4 40. Qg4 Qb5 41. Rd1 a5 42. Nd3 Bxd3 43. cxd3 Qb3 44. Qf3 Ka7 45. Rh1 Re3 46. Qf5 Qxd3+ 47. Qxd3 Rxd3 48. Rh3 Rd2 49. Rg3 Kb6 50. Kc1 Re2 51. Rg4 Kc5 52. Rg5+ Kc4 53. Rg3 $2 (53. a4 $15) 53... a4 54. Rg7 b5 55. Rg8 $2 (55. Rg3) 55... Kb3 56. Rg3+ {[%emt 0:00:56] [#]} Ka2 $1 57. Rd3 Rxg2 58. Rxd4 Rxb2 0-1

[Event "World Chess Trophy 2018"]
[Site "Tenerife"]
[Date "2018.06.21"]
[Round "5"]
[White "Kosov, Alexey"]
[Black "Kohlweyer, Bernd"]
[Result "1/2-1/2"]
[ECO "B94"]
[WhiteElo "2208"]
[BlackElo "2345"]
[Annotator "NA"]
[PlyCount "86"]
[EventDate "2018.06.17"]
[EventType "swiss"]
[EventCountry "ESP"]
[SourceTitle "playchess.com"]
[Source "ChessBase"]
[SourceQuality "1"]
[TimeControl "5400+30"]

1. e4 c5 2. Nf3 d6 3. d4 cxd4 4. Nxd4 Nf6 5. Nc3 a6 6. Bg5 Nbd7 7. f4 Qc7 {[%emt 0:00:08] LiveBook: 359 Games} 8. Qf3 {[%emt 0:00:15] B94: Sicilian Najdorf: 6 Bg5 Nbd7} (8. g3 e6 9. Bg2 b5 10. e5 Bb7 11. exf6 gxf6 12. Nd5 Bxd5 13. Bxd5 exd5 14. Qe2+ Kd8 15. Bh4 Qc4 {1-0 (23) Zeng,C (2532)-Zhou,J (2615) Tianjin 2018}) 8... g6 9. O-O-O Bg7 10. g4 h6 $1 11. Bxf6 Nxf6 12. Rg1 $146 ({Predecessor:} 12. f5 Bd7 13. h4 Qa5 14. Nb3 Qe5 15. Bg2 b5 {½-½ (44) Can,I (2287)-Vucinic,G (2415) Paracin 2017}) 12... e5 13. Nde2 exf4 14. Nxf4 Be6 15. Nxe6 fxe6 16. e5 dxe5 17. g5 hxg5 18. Ne4 Nd5 19. Bh3 Qe7 20. Bxe6 Nf4 21. Bd7+ Kf8 22. Ba4 Rh3 23. Qf1 Qb4 24. Nxg5 Qxa4 25. Nxh3 Qxa2 26. Nxf4 Bh6 27. c3 Bxf4+ 28. Kc2 Qa4+ 29. Kb1 Qe4+ 30. Qd3 Qxd3+ 31. Rxd3 Kf7 32. Rd7+ Ke6 33. Rxb7 g5 34. b4 Kd5 35. Kb2 Ke4 36. Rh7 Kf3 37. c4 (37. Rf7 $18 {has better winning chances.}) 37... e4 $18 (37... Rf8 $16 38. Rf1+ Kg2) 38. Rf7 e3 39. Rxg5 Re8 40. Rg3+ Ke4 41. Rg4 e2 42. Rgxf4+ Kd3 43. Rf1 Ke4 1/2-1/2

[Event "World Chess Trophy 2018"]
[Site "Tenerife"]
[Date "2018.06.21"]
[Round "5"]
[White "Kovacs, Zoltan"]
[Black "Efremov, Vladislav"]
[Result "1-0"]
[ECO "A05"]
[WhiteElo "2146"]
[BlackElo "1968"]
[Annotator "NA"]
[PlyCount "145"]
[EventDate "2018.06.17"]
[EventType "swiss"]
[EventCountry "ESP"]
[SourceTitle "playchess.com"]
[Source "ChessBase"]
[SourceQuality "1"]
[TimeControl "5400+30"]

1. Nf3 Nf6 2. g3 b5 3. Bg2 Bb7 4. O-O e6 5. b3 {[%emt 0:00:38] LiveBook: 177 Games} Be7 6. c4 bxc4 7. bxc4 c5 {[%emt 0:01:01] A05: Übergänge in verschiedene Eröffnungen} 8. Nc3 Nc6 9. Rb1 Rb8 10. d3 Ba8 (10... O-O 11. Bf4 d6 12. Nd2 Qd7 13. Nde4 Nxe4 14. Bxe4 Nd4 15. Bxb7 Rxb7 16. Rxb7 Qxb7 {½-½ (41) Marin,M (2539)-Vallejo Pons,F (2711) Tallinn 2016}) 11. Rxb8 Qxb8 12. Bf4 d6 13. Qa4 O-O 14. Rb1 {[%emt 0:00:06] [#]} Qd8 $146 ({Vorgänger:} 14... Qc7 15. Nd2 {½-½ (38) Oll,L (2560)-Krasenkow,M (2570) Oviedo 1991}) 15. Nd2 Qd7 16. Nb3 Rb8 17. Na5 Rxb1+ 18. Nxb1 d5 19. Nxc6 Bxc6 20. Qa6 Qb7 21. Qxb7 Bxb7 22. Nc3 Kf8 23. Bg5 Ke8 24. Bxf6 Bxf6 25. Nb5 Kd7 26. Nxa7 Bc6 27. cxd5 exd5 28. Nxc6 Kxc6 29. e4 dxe4 30. Bxe4+ Kd6 31. h4 h6 32. h5 Ke5 33. Bc6 Kd4 34. Bb5 g6 35. hxg6 fxg6 36. Kg2 Bd8 37. Kh3 Ke5 38. Be8 Kf5 39. Bd7+ Ke5 40. Be8 Kf5 41. Bd7+ Ke5 42. a4 Kd4 43. Bb5 Ke5 44. Kg4 Kd4 45. Bc4 h5+ 46. Kf4 g5+ 47. Kf5 h4 48. Kg4 hxg3 49. fxg3 Ke5 50. Kh5 Kd6 51. Kg6 Kc6 52. a5 Kb7 53. a6+ Ka7 54. g4 Be7 55. Bb5 Bd8 56. Bc4 Be7 57. Kf5 Bd8 58. Bb5 Kb8 59. Ke5 Ba5 60. Kd6 Bb4 61. Kc6 Ka7 62. Bc4 Ba3 63. Kb5 Bb4 {[%emt 0:00:36] [#]} 64. d4 $1 Ba3 65. d5 Bb2 66. d6 Bf6 67. Kc6 Kb8 68. Kd7 Bg7 69. Ke8 $18 (69. Ke6 $142 Bc3 70. d7 Ba5 71. Ke7 Ka7 72. d8=Q Bxd8+ 73. Kxd8 Kb6 74. Kc8) 69... Bf6 70. Bd5 c4 71. Bxc4 Kc8 72. Bd5 Bd8 73. a7 1-0

[Event "World Chess Trophy 2018"]
[Site "Tenerife"]
[Date "2018.06.21"]
[Round "5"]
[White "De Rosa, Mariagrazia"]
[Black "Kraus, Oliver"]
[Result "0-1"]
[ECO "B33"]
[WhiteElo "2120"]
[BlackElo "2044"]
[Annotator "NA"]
[PlyCount "70"]
[EventDate "2018.06.17"]
[EventType "swiss"]
[EventCountry "ESP"]
[SourceTitle "playchess.com"]
[Source "ChessBase"]
[SourceQuality "1"]
[TimeControl "5400+30"]

1. e4 c5 2. Nf3 Nc6 3. d4 cxd4 4. Nxd4 Qb6 5. Nb3 Nf6 6. Nc3 e6 7. Be3 Qc7 8. a3 a6 9. f4 d6 10. g4 {[%emt 0:16:55] B33: Sicilian: Pelikan and Sveshnikov Variations} Be7 11. g5 Nd7 12. Qf3 b5 {[%emt 0:08:50] LiveBook: 4 Games} 13. h4 Bb7 14. Bh3 $146 ({Predecessor:} 14. h5 b4 15. axb4 Nxb4 16. O-O-O Rc8 {0-1 (39) Wang,T (2385)-Zhao,J (2616) China 2017}) 14... b4 15. axb4 Nxb4 16. Rh2 d5 17. Bd4 dxe4 18. Qe3 O-O 19. O-O-O Nd5 20. Nxd5 Bxd5 21. Rf2 Rab8 22. Kb1 a5 23. h5 a4 24. Nd2 Rfc8 25. Nxe4 Qb7 26. Ng3 Bc5 27. c3 $19 (27. c4 $142 Bxc4 28. g6 hxg6 29. hxg6) 27... Qb3 28. Re1 Qa2+ 29. Kc1 Qa1+ 30. Kd2 Qxb2+ 31. Kd3 Qb5+ 32. Kd2 Bc4 33. Qe4 Bxd4 34. Qxd4 Nc5 35. Ne4 Nb3+ 0-1

[Event "World Chess Trophy 2018"]
[Site "Tenerife"]
[Date "2018.06.21"]
[Round "5"]
[White "Steiner, Juraj"]
[Black "Franco, Victor"]
[Result "0-1"]
[ECO "D36"]
[WhiteElo "2001"]
[BlackElo "2126"]
[Annotator "NA"]
[PlyCount "61"]
[EventDate "2018.06.17"]
[EventType "swiss"]
[EventCountry "ESP"]
[SourceTitle "playchess.com"]
[Source "ChessBase"]
[SourceQuality "1"]
[TimeControl "5400+30"]

1. c4 Nf6 2. Nc3 e6 3. d4 d5 4. cxd5 exd5 5. Bg5 Be7 6. e3 c6 7. Qc2 Nbd7 8. Bd3 Nb6 9. Nge2 {[%emt 0:03:27] LiveBook: 7 Games} Bd7 10. O-O h6 11. Bh4 O-O 12. Rad1 Nh5 13. Bxe7 Qxe7 $11 14. Kh1 Rae8 15. Rde1 Nf6 16. Ng3 Ng4 17. Nf5 Bxf5 18. Bxf5 Nf6 19. Na4 Nc4 20. Qc1 Nd6 21. Bh3 Nfe4 22. g3 Qf6 23. f3 Ng5 24. Bg2 Re7 25. Nc5 Rfe8 26. h4 Ne6 27. Nd3 Qg6 28. Qd2 Qxg3 29. Qf2 Qxf2 30. Rxf2 Nxd4 31. Bf1 0-1

[Event "World Chess Trophy 2018"]
[Site "Tenerife"]
[Date "2018.06.21"]
[Round "5"]
[White "Harstad, Christian"]
[Black "Aledo Yanguas, David"]
[Result "1-0"]
[ECO "E12"]
[WhiteElo "1985"]
[BlackElo "1986"]
[Annotator "NA"]
[PlyCount "65"]
[EventDate "2018.06.17"]
[EventType "swiss"]
[EventCountry "ESP"]
[SourceTitle "playchess.com"]
[Source "ChessBase"]
[SourceQuality "1"]
[TimeControl "5400+30"]

1. d4 Nf6 2. c4 e6 3. Nf3 b6 4. a3 Bb7 5. Nc3 {[%emt 0:00:07] LiveBook: 7223 Games} Ne4 6. Qc2 f5 7. g3 d6 8. Bg2 Nxc3 9. Qxc3 Nd7 10. O-O Nf6 11. b4 h6 (11... Be7 $14) 12. Bb2 Be7 {[%emt 0:08:05] [#]} 13. d5 $1 exd5 14. Nh4 $18 Qd7 15. Bh3 Qc6 16. Bxf5 dxc4 17. e4 Kd8 18. f3 b5 19. Rad1 Nh5 20. Ng6 Re8 21. Kg2 Bc8 22. Nxe7 Rxe7 23. Bg6 Nf6 24. e5 Qb6 25. Rfe1 Ne8 26. exd6 cxd6 27. Rxe7 Kxe7 28. Re1+ Be6 29. Bf5 Nf6 30. Rxe6+ Kd8 31. Rxf6 gxf6 32. Qxf6+ Kc7 33. Qe7+ 1-0

[Event "World Chess Trophy 2018"]
[Site "Tenerife"]
[Date "2018.06.21"]
[Round "5"]
[White "Rutherford, William"]
[Black "Mamani Beltran, Deniman"]
[Result "1/2-1/2"]
[ECO "D02"]
[WhiteElo "1959"]
[BlackElo "1656"]
[Annotator "NA"]
[PlyCount "71"]
[EventDate "2018.06.17"]
[EventType "swiss"]
[EventCountry "ESP"]
[SourceTitle "playchess.com"]
[Source "ChessBase"]
[SourceQuality "1"]
[TimeControl "5400+30"]

1. d4 d5 2. Bf4 Nf6 3. e3 e6 4. Nd2 Bd6 5. Bg3 O-O 6. Bd3 c5 7. c3 Nc6 8. Ngf3 Qe7 9. Ne5 {[%emt 0:01:59] LiveBook: 159 Games} Bxe5 10. dxe5 {[%emt 0:01:13] D02: Damenbauernspiele} Nd7 11. Nf3 ({Reject} 11. Qh5 g6 $15) (11. f4 f6 12. Bh4 Qf7 13. exf6 Nxf6 14. O-O e5 15. Bxf6 gxf6 16. e4 Kh8 17. exd5 Qxd5 18. Be4 Qd6 19. Nc4 Qe7 20. Qh5 exf4 21. Rxf4 Ne5 22. Nxe5 {1-0 (22) Kramnik,V (2777)-Rasmussen,A (2498) Berlin 2015}) 11... f6 12. exf6 Nxf6 13. Ne5 Nxe5 14. Bxe5 Bd7 15. O-O Bc6 16. c4 $146 ({Vorgänger:} 16. Qe2 Rac8 17. c4 Nd7 {1-0 (45) Hjaltason,G (2148)-Packroff,H (2206) ICCF email 2013}) 16... Rad8 17. Qc2 h6 18. Rad1 Ng4 19. Bg3 Kh8 20. h3 Nf6 21. Qe2 b6 22. Be5 Nd7 23. Bc3 e5 24. cxd5 Bxd5 25. Bb1 Nf6 26. e4 Bb7 $14 27. f3 Nh5 28. Rxd8 Rxd8 29. Rd1 Nf4 30. Rxd8+ Qxd8 31. Qd2 Qxd2 32. Bxd2 g5 33. Kf2 Kg7 34. Bc3 Kf6 35. a3 Bc8 36. Bc2 1/2-1/2

[Event "World Chess Trophy 2018"]
[Site "Tenerife"]
[Date "2018.06.21"]
[Round "5"]
[White "Pirrello, Christian"]
[Black "Ciampi, Vincenzo"]
[Result "1/2-1/2"]
[ECO "A31"]
[WhiteElo "1935"]
[BlackElo "1959"]
[Annotator "NA"]
[PlyCount "20"]
[EventDate "2018.06.17"]
[EventType "swiss"]
[EventCountry "ESP"]
[SourceTitle "playchess.com"]
[Source "ChessBase"]
[SourceQuality "1"]
[TimeControl "5400+30"]

1. Nf3 Nf6 2. c4 c5 3. d4 cxd4 4. Nxd4 e5 {[%emt 0:00:17] LiveBook: 1021 Games} 5. Nc2 $11 d5 6. cxd5 Qxd5 7. Qxd5 Nxd5 8. e4 Nb4 9. Nxb4 Bxb4+ 10. Bd2 Bxd2+ 1/2-1/2

[Event "World Chess Trophy 2018"]
[Site "Tenerife"]
[Date "2018.06.21"]
[Round "5"]
[White "Jacobs, Paul"]
[Black "Grigioni, Giulio"]
[Result "0-1"]
[ECO "D94"]
[WhiteElo "1867"]
[BlackElo "1818"]
[Annotator "NA"]
[PlyCount "82"]
[EventDate "2018.06.17"]
[EventType "swiss"]
[EventCountry "ESP"]
[SourceTitle "playchess.com"]
[Source "ChessBase"]
[SourceQuality "1"]
[TimeControl "5400+30"]

1. d4 Nf6 2. Nf3 d5 3. c4 c6 4. cxd5 cxd5 5. Nc3 Nc6 6. e3 g6 7. Be2 Bg7 8. O-O O-O {[%emt 0:00:40] LiveBook: 11 Games} 9. a3 a6 10. b4 b5 11. Bb2 Bg4 12. Rc1 Qd6 13. Nd2 Bxe2 14. Nxe2 $15 e5 15. dxe5 Nxe5 16. Nd4 Nc4 17. Nxc4 dxc4 18. Qf3 Qd5 19. Rfd1 Qxf3 20. Nxf3 Rfd8 21. Bd4 Ne4 22. Bxg7 Kxg7 23. Nd4 Kf6 24. f3 Ng5 25. Kf2 Rd6 26. a4 Ne6 27. axb5 Nxd4 28. exd4 axb5 29. Rb1 Ra2+ 30. Kg3 h5 31. h4 g5 32. hxg5+ Kxg5 33. Re1 Rd5 34. Re4 f5 35. Rh4 Rxg2+ 36. Kxg2 Kxh4 37. Rh1+ Kg5 38. f4+ Kxf4 39. Rxh5 Rxd4 40. Kf2 Rd2+ 41. Ke1 Rb2 0-1

[Event "World Chess Trophy 2018"]
[Site "Tenerife"]
[Date "2018.06.21"]
[Round "5"]
[White "Baete, Guy"]
[Black "Vespe, Francesco"]
[Result "1-0"]
[ECO "D00"]
[WhiteElo "1861"]
[BlackElo "1853"]
[Annotator "NA"]
[PlyCount "175"]
[EventDate "2018.06.17"]
[EventType "swiss"]
[EventCountry "ESP"]
[SourceTitle "playchess.com"]
[Source "ChessBase"]
[SourceQuality "1"]
[TimeControl "5400+30"]

1. d4 d5 2. e4 dxe4 3. Nc3 Nf6 4. f3 e3 ({Lieber} 4... exf3 $15 5. Nxf3 e6) 5. Bxe3 e6 6. Bd3 Be7 {[%emt 0:00:29] D00: Damenbauernspiele} 7. Nge2 Nbd7 8. O-O O-O 9. Ne4 e5 $146 ({Vorgänger:} 9... b6 10. c4 Bb7 11. Qc2 c5 12. Nxf6+ Nxf6 13. Rad1 Qc8 14. Kh1 h6 {½-½ (62) Xia,J (2287)-Distaso,A (2119) Civitanova Marche 2013}) 10. c4 Re8 11. d5 Nxe4 12. Bxe4 Nc5 13. Qc2 g6 14. Qd1 f5 15. Bc2 a5 16. Nc3 Bd7 17. Kh1 Bd6 18. Qe1 Qf6 19. Qf2 b6 20. Qd2 Qh4 21. b3 e4 22. f4 Re7 23. g3 Qh3 24. Qg2 Qh6 25. Rad1 Rae8 26. Bb1 Nd3 27. Qe2 Bb4 28. Bd4 Bc5 29. Bxc5 Nxc5 30. Qe3 Qh3 31. Ne2 Nd3 32. Ng1 Qh5 33. Qe2 Qh6 34. Qg2 Nc5 35. Ne2 Qg7 36. h3 b5 37. Nd4 bxc4 38. bxc4 Ba4 39. Bc2 Bxc2 40. Qxc2 e3 41. Ne2 (41. Rfe1 $11 {remains equal.}) 41... Ne4 42. Kg2 {[%emt 0:01:09] [#]} g5 ({Better is} 42... Nd2 $1 $19 43. Rfe1 Re4) 43. Rb1 (43. fxg5 $1 $11 {was the only way to keep the balance.} Qxg5 44. Rf3) 43... Nd2 44. Qxf5 $2 (44. fxg5 $17 Re4 45. Rxf5) 44... Nxb1 $2 ({Less strong is} 44... Nxf1 45. Rxf1 Qb2 46. Qxg5+ Kh8 47. Kf3 $17) (44... Rf8 $19 {has better winning chances.} 45. Qc2 gxf4 46. Rxf4 Nxb1 47. Qxb1 Rxf4 48. Nxf4 Qe5) 45. Rxb1 $2 (45. Qxb1 $17 {was the only defense.} Re4 46. fxg5) 45... gxf4 46. Nxf4 Rf7 47. Qg4 Qxg4 48. hxg4 h6 49. Re1 Re4 50. c5 Rc4 51. Rxe3 Rxc5 52. Re8+ Kh7 53. Re2 a4 54. Rd2 a3 55. g5 hxg5 56. Ne6 Rb5 57. Nxg5+ Kg7 58. Nxf7 Rb2 59. Rf2 Rb5 60. Ne5 Rxd5 61. Nc4 Rd4 62. Nxa3 c6 63. Rc2 Ra4 64. Nc4 Kf6 65. Kf3 Ke6 66. g4 Ra8 67. Re2+ Kf6 68. Kf4 Ra4 69. g5+ Kg6 70. Rc2 c5 71. a3 Ra8 72. Ne5+ Kg7 73. Rc3 Ra4+ 74. Kf5 Ra6 75. Nd7 Ra8 76. Nxc5 Rf8+ 77. Kg4 Rf1 78. Ne6+ Kg6 79. Nf4+ Kg7 80. Rc7+ Kg8 81. Kf5 Kf8 82. a4 Ra1 83. Kf6 Ke8 84. Re7+ Kd8 85. Ne6+ Kc8 86. Rc7+ Kb8 87. Rc4 Rf1+ 88. Nf4 1-0

[Event "World Chess Trophy 2018"]
[Site "Tenerife"]
[Date "2018.06.21"]
[Round "6"]
[White "Potterat, Marc"]
[Black "Kohlweyer, Bernd"]
[Result "1/2-1/2"]
[ECO "A46"]
[WhiteElo "2130"]
[BlackElo "2345"]
[Annotator "ChessBase"]
[PlyCount "46"]
[EventDate "2018.06.21"]
[EventType "swiss"]
[EventCountry "ESP"]
[SourceTitle "playchess.com"]
[Source "ChessBase"]
[SourceQuality "1"]
[TimeControl "5400+30"]

1. d4 Nf6 2. Nf3 e6 3. Bf4 c5 4. e3 Qb6 5. Qc1 Nc6 6. c3 Nh5 7. Bg5 h6 8. Bh4 g5 9. Bg3 Nxg3 10. hxg3 Bg7 11. Nbd2 d5 12. Bd3 Bd7 13. dxc5 Qxc5 14. Qc2 Rc8 15. Qd1 f5 16. Nd4 Ne5 17. Qh5+ Ke7 18. Be2 Be8 19. Qh2 Bg6 20. O-O-O Qa5 21. Kb1 Ng4 22. Qg1 a6 23. Bd3 b5 1/2-1/2

[Event "World Chess Trophy 2018"]
[Site "Tenerife"]
[Date "2018.06.21"]
[Round "6"]
[White "Kraus, Oliver"]
[Black "Cacciola, Alfredo"]
[Result "0-1"]
[ECO "A45"]
[WhiteElo "2044"]
[BlackElo "2219"]
[Annotator "NA"]
[PlyCount "62"]
[EventDate "2018.06.21"]
[EventType "swiss"]
[EventCountry "ESP"]
[SourceTitle "playchess.com"]
[Source "ChessBase"]
[SourceQuality "1"]
[TimeControl "5400+30"]

1. d4 Nf6 2. Bg5 Ne4 3. Bf4 c5 4. f3 Qa5+ 5. c3 Nf6 6. Nd2 cxd4 7. Nb3 Qd8 8. cxd4 e6 9. e3 Bb4+ 10. Kf2 Nc6 11. Bd3 O-O 12. Ne2 Re8 13. a3 Bf8 14. Qc2 d6 15. Rad1 h6 16. e4 e5 17. Be3 d5 18. Ng3 dxe4 19. Bxe4 Nxe4+ 20. Nxe4 exd4 21. Nxd4 Nxd4 22. Bxd4 Qa5 23. Qd2 Qa6 24. Rhe1 Bf5 25. Ng3 Bg6 26. Rxe8 Rxe8 27. Qc3 h5 28. Re1 Rd8 29. Ne4 Qa4 30. Bc5 Rc8 31. b3 Qb5 0-1

[Event "World Chess Trophy 2018"]
[Site "Tenerife"]
[Date "2018.06.21"]
[Round "6"]
[White "Efremov, Vladislav"]
[Black "De Rosa, Mariagrazia"]
[Result "1-0"]
[ECO "A56"]
[WhiteElo "1968"]
[BlackElo "2120"]
[Annotator "ChessBase"]
[PlyCount "77"]
[EventDate "2018.06.21"]
[EventType "swiss"]
[EventCountry "ESP"]
[SourceTitle "playchess.com"]
[Source "ChessBase"]
[SourceQuality "1"]
[TimeControl "5400+30"]

1. d4 Nf6 2. c4 c5 3. d5 e5 4. Nc3 d6 5. e4 Be7 6. g3 h5 7. h4 Nbd7 8. Qd3 Nf8 9. Nge2 Ng6 10. Bd2 a6 11. a4 b6 12. Bg2 Rb8 13. Nd1 O-O 14. Ne3 Re8 15. Nc3 Bd7 16. Bh3 b5 17. cxb5 axb5 18. Bxd7 Qxd7 19. Nxb5 Rec8 20. Nf5 Bf8 21. O-O c4 22. Qf3 Ra8 23. Bg5 Ng4 24. Ra3 Ra6 25. Qe2 Ne7 26. Nxe7+ Bxe7 27. Bxe7 Qxe7 28. Rc1 g5 29. f3 Nh6 30. Rxc4 Raa8 31. Rxc8+ Rxc8 32. Rc3 Rxc3 33. bxc3 gxh4 34. gxh4 Qxh4 35. Nxd6 Kf8 36. Kg2 Qg5+ 37. Kh3 Ng8 38. Qb5 Qe7 39. Qb8+ 1-0

[Event "World Chess Trophy 2018"]
[Site "Tenerife"]
[Date "2018.06.21"]
[Round "6"]
[White "Ciampi, Vincenzo"]
[Black "Rutherford, William"]
[Result "1-0"]
[ECO "A49"]
[WhiteElo "1959"]
[BlackElo "1959"]
[Annotator "NA RC"]
[PlyCount "83"]
[EventDate "2018.06.21"]
[EventType "swiss"]
[EventCountry "ESP"]
[SourceTitle "playchess.com"]
[Source "ChessBase"]
[SourceQuality "1"]
[TimeControl "5400+30"]

1. b3 Nf6 2. Bb2 g6 3. Nf3 Bg7 4. g3 O-O 5. Bg2 d6 6. d4 a5 7. a4 Na6 8. O-O c6 9. Na3 {[%emt 0:00:58] A49: 1 d4 Nf6 2 Nf3 g6 3 g3: Anti-King's Indian systems} (9. Nbd2 d5 10. Re1 Bf5 11. Nh4 {½-½ (11) Pavlov,S (2502)-Manolache,M (2505) Corund 2017}) 9... Bd7 $146 ({Predecessor:} 9... d5 10. Ne5 Ng4 11. Nd3 Nb4 12. h3 Nxd3 13. exd3 Nf6 14. Re1 h5 15. c3 Nh7 16. Nb1 Ng5 {½-½ (60) Voiska,M (2330)-Petrovic,M (2212) Zlatibor 2006}) 10. Re1 Ne4 11. Nd2 Nxd2 12. Qxd2 d5 13. e4 e6 14. c4 Nc7 15. Rac1 dxe4 16. Bxe4 f5 17. Bg2 f4 18. Re4 Bh6 19. Bh3 Rf7 20. Rd1 Qf8 21. Qe2 Qb4 22. Rd3 Raf8 23. Nc2 Qe7 24. Ba3 Qd8 25. Bxf8 Qxf8 26. f3 fxg3 27. hxg3 c5 28. dxc5 Bc6 29. Bxe6 Nxe6 30. Rxe6 Qxc5+ (30... Bxf3 $142 31. Qe1 Qxc5+ 32. Nd4 Bf8) 31. Kg2 Qh5 32. Rxc6 bxc6 33. Qe8+ Bf8 34. Qxc6 Qe5 35. Re3 Qb2 36. Re2 Qxb3 37. Ne3 Qd3 38. Kf2 Bd6 39. Ng4 (39. Qe8+ $14 Rf8 40. Qe6+ Kh8 41. f4) 39... Qd4+ (39... Bc5+ $11 40. Ne3 Qxc4) 40. Kg2 Bf8 (40... Kg7 $16 {keeps fighting.}) 41. Qd5 Qc3 42. Ne5 $18 1-0

[Event "World Chess Trophy 2018"]
[Site "Tenerife"]
[Date "2018.06.21"]
[Round "6"]
[White "Grigioni, Giulio"]
[Black "Harstad, Christian"]
[Result "0-1"]
[ECO "B52"]
[WhiteElo "1818"]
[BlackElo "1985"]
[Annotator "NA RC"]
[PlyCount "32"]
[EventDate "2018.06.21"]
[EventType "swiss"]
[EventCountry "ESP"]
[SourceTitle "playchess.com"]
[Source "ChessBase"]
[SourceQuality "1"]
[TimeControl "5400+30"]

1. e4 c5 2. Nf3 d6 3. Bb5+ Bd7 4. Qe2 e6 5. O-O Nc6 6. d4 cxd4 7. Bxc6 bxc6 8. Nxd4 e5 9. Nb3 f5 10. f4 fxe4 11. c4 Nf6 12. Nc3 Be7 13. fxe5 dxe5 14. Bg5 O-O 15. Nxe4 a5 16. Nxf6+ gxf6 0-1

[Event "World Chess Trophy 2018"]
[Site "Tenerife"]
[Date "2018.06.22"]
[Round "7"]
[White "Kohlweyer, Bernd"]
[Black "Franco, Victor"]
[Result "1/2-1/2"]
[ECO "A11"]
[WhiteElo "2345"]
[BlackElo "2126"]
[Annotator "NA"]
[PlyCount "22"]
[EventDate "2018.06.17"]
[EventType "swiss"]
[EventCountry "ESP"]
[SourceTitle "playchess.com"]
[Source "ChessBase"]
[SourceQuality "1"]
[TimeControl "5400+30"]

1. Nf3 d5 2. c4 c6 3. e3 Nf6 4. Nc3 e6 5. Qc2 Nbd7 6. b3 Bd6 7. Bb2 O-O 8. Be2 Qe7 9. O-O dxc4 10. bxc4 e5 11. Ng5 h6 1/2-1/2

[Event "World Chess Trophy 2018"]
[Site "Tenerife"]
[Date "2018.06.22"]
[Round "7"]
[White "Kosov, Alexey"]
[Black "Efremov, Vladislav"]
[Result "1/2-1/2"]
[ECO "B40"]
[WhiteElo "2208"]
[BlackElo "1968"]
[Annotator "NA"]
[PlyCount "52"]
[EventDate "2018.06.17"]
[EventType "swiss"]
[EventCountry "ESP"]
[SourceTitle "playchess.com"]
[Source "ChessBase"]
[SourceQuality "1"]
[TimeControl "5400+30"]

1. e4 c5 2. Nf3 e6 3. d4 cxd4 4. Nxd4 Nc6 5. Nxc6 bxc6 6. Bd3 e5 7. O-O Nf6 8. c4 Bc5 9. Bg5 h6 10. Bh4 O-O 11. Nd2 Re8 12. Nb3 Be7 13. c5 a5 14. Rc1 Qc7 15. Qc2 Nh7 16. Bg3 Bg5 17. Rcd1 Nf8 18. h4 Be7 19. Qc3 Bf6 20. Nd2 Ne6 21. Nf3 Nd8 22. h5 Qb8 23. a3 a4 24. Bc4 Nb7 25. Ba2 Ra5 26. Nd2 Ra8 1/2-1/2

[Event "World Chess Trophy 2018"]
[Site "Tenerife"]
[Date "2018.06.22"]
[Round "7"]
[White "Pirrello, Christian"]
[Black "Mamani Beltran, Deniman"]
[Result "1-0"]
[ECO "D36"]
[WhiteElo "1935"]
[BlackElo "1656"]
[Annotator "NA"]
[PlyCount "67"]
[EventDate "2018.06.17"]
[EventType "swiss"]
[EventCountry "ESP"]
[SourceTitle "playchess.com"]
[Source "ChessBase"]
[SourceQuality "1"]
[TimeControl "5400+30"]

1. d4 d5 2. c4 e6 3. Nc3 Nf6 4. cxd5 exd5 5. Bg5 Be7 6. e3 O-O 7. Bd3 c6 8. Qc2 Nbd7 9. Nf3 Re8 10. O-O Nf8 11. Ne5 N6d7 12. Bxe7 Qxe7 13. Nxd7 Bxd7 14. Rae1 Qd6 15. f4 Rac8 16. f5 f6 17. Qf2 c5 18. Ne2 c4 19. Bb1 b5 20. Nf4 Bc6 21. Qh4 Re7 22. Rf3 Be8 23. Rh3 g5 24. fxg6 Bxg6 25. Nxg6 hxg6 26. Qh8+ Kf7 27. Bxg6+ Ke6 28. Qg8+ Kd7 29. Bf5+ Ne6 30. Qg6 Rf8 31. Rh7 Kc6 32. Rxe7 Qxe7 33. e4 Kd6 34. Qg3+ 1-0